 Dungeon Crawl Stone Soup version 0.21-a0-88-g13b9641 (webtiles) character file.

35952 MatthieuS the Fighter (level 13, -10/119 HPs)
             Began as a Pale Draconian Fire Elementalist on June 27, 2017.
             Was an Elder of Sif Muna.
             Blown up by ultrashaft's ghost (73 damage)
             ... with an orb of destruction
             ... on level 5 of the Lair of Beasts.
             The game lasted 01:47:59 (23736 turns).

MatthieuS the Fighter (DrFE)                       Turns: 23736, Time: 01:47:59

Health: -10/119    AC: 12    Str: 10    XL:     13   Next: 50%
Magic:  26/27      EV: 15    Int: 20    God:    Sif Muna [****..]
Gold:   931        SH:  7    Dex: 13    Spells: 2/32 levels left

rFire    + + .     SeeInvis .   q - +2 dagger (elec)
rCold    x . .     Gourm    .   n - +3 buckler
rNeg     . . .     Faith    .   (armour unavailable)
rPois    .         Spirit   .   (helmet restricted)
rElec    .         Reflect  .   H - +1 cloak
rCorr    .         Harm     .   x - +0 pair of gloves
MR       .....     Clarity  +   m - +0 pair of boots
Stlth    +.........             f - amulet of regeneration
HPRegen  0.69/turn              Q - ring of fire
MPRegen  0.20/turn              t - ring of protection from fire

@: very slightly contaminated, heavily drained
A: breathe steam, unfitting armour, antennae 1, talons 1, clarity, cold-blooded,
AC +8
a: Breathe Steam, Divine Energy, Channel Magic, Forget Spell, Renounce Religion


You were on level 5 of the Lair of Beasts.
You worshipped Sif Muna.
Sif Muna was greatly pleased with you.
You were not hungry.

You visited 4 branches of the dungeon, and saw 18 of its levels.

You collected 954 gold pieces.
You spent 23 gold pieces at shops.

Inventory:

Hand Weapons
 p - the +6 flail "Draconian's Death" {drain, +Inv +Fly MR+}
   (You found it on level 3 of the Lair of Beasts)

   A truly terrible weapon, it drains the life of those it strikes.
   It affects your resistance to hostile enchantments.
   It lets you turn invisible.
   It lets you fly.
 q - a +2 dagger of electrocution (weapon)
 w - a +2 hunting sling of freezing
Missiles
 h - 50 sling bullets
 i - 427 stones
 G - 2 throwing nets (quivered)
Armour
 m - a +0 pair of boots (worn)
 n - a +3 buckler (worn)
 x - a +0 pair of gloves (worn)
 H - a +1 cloak (worn)
Magical Staves
 F - an uncursed staff of summoning
Jewellery
 f - an amulet of regeneration (around neck)
 g - a +3 ring of dexterity
 t - a ring of protection from fire (right hand)
 y - an uncursed ring of flight
 Q - a ring of fire (left hand)
Wands
 e - a wand of acid (0/15)
 r - a wand of iceblast (2/15)
 E - a wand of flame (21/48)
 J - a wand of paralysis (5/24)
 K - a wand of iceblast (7/15)
 M - a wand of random effects (21/48)
 P - a wand of lightning (6/15)
Scrolls
 c - 3 scrolls of amnesia
 o - a scroll of remove curse
 s - a scroll of fear
 v - 3 scrolls of fog
 A - 3 scrolls of recharging
 L - a scroll of magic mapping
 O - 5 scrolls of identify
Potions
 a - 2 potions of agility
 k - 3 potions of brilliance
 z - a potion of haste
 N - 2 potions of curing
Books
 b - Urghed's Collected Works on Talismans and Transformation
   (You found it on level 4 of the Lair of Beasts)

   Spells                             Type                      Level
   a - Ignite Poison                  Fire/Transmutation/Poison    3
   b - Ice Form                       Ice/Transmutation            4
   c - Deflect Missiles               Charms/Air                   6
   d - Dragon Form                    Transmutation                7
 u - a Young Poisoner's Handbook

   Spells                             Type                      Level
   a - Sting                          Conjuration/Poison           1
   b - Poisonous Vapours              Poison/Air                   2
   c - Mephitic Cloud                 Conjuration/Poison/Air       3
   d - Olgreb's Toxic Radiance        Poison                       4
   e - Venom Bolt                     Conjuration/Poison           5
Miscellaneous
 D - a fan of gales
Comestibles
 d - a bread ration
 j - 7 meat rations
 l - a chunk of flesh
 B - 6 royal jellies
 I - 4 fruits


   Skills:
 + Level 12.4(10.6) Fighting
 + Level 7.2(5.6) Dodging
 - Level 1.7(0.4) Stealth
 - Level 4.3(2.8) Shields
 + Level 10.4(8.6) Spellcasting
 + Level 8.6(6.9) Conjurations
 + Level 10.6(8.8) Fire Magic
 - Level 6.8(5.3) Air Magic
 - Level 5.5(4.0) Invocations


You had 2 spell levels left.
You knew the following spells:

 Your Spells              Type           Power        Failure   Level  Hunger
a - Flame Tongue          Conj/Fire      #####        1%          1    None
b - Throw Flame           Conj/Fire      ######       1%          2    None
c - Conjure Flame         Conj/Fire      ######..     1%          3    None
d - Inner Flame           Hex/Fire       #####...     4%          3    None
e - Sticky Flame          Conj/Fire      ######..     3%          4    ###....
f - Fireball              Conj/Fire      ######....   10%         5    #####..
g - Swiftness             Chrm/Air       ###.....     4%          2    None
h - Airstrike             Air            ####......   11%         4    ###....
i - Lightning Bolt        Conj/Air       ####......   21%         5    #####..
j - Apportation           Tloc           #.....       9%          1    None


Dungeon Overview and Level Annotations

Branches:
Dungeon (11/15)            Temple (1/1) D:5            Lair (5/6) D:11
  Swamp (0/4) Lair:3       Spider (0/4) Lair:3        Slime (0/5) Lair:5
    Orc (1/2) D:9

Altars:
Ashenzari
Cheibriados
Dithmenos
Elyvilon
Fedhas
Gozag
Hepliaklqana
Kikubaaqudgha
Makhleb
Nemelex Xobeh
Okawaru
Qazlal
Ru
Sif Muna
Trog
Uskayaw
Vehumet
Wu Jian
Xom
Yredelemnul
Zin
The Shining One
Jiyva

Shops:
D:5 *   D:8 *   D:11 :

Annotations:
Lair:5 Spazmo's ghost, journeyman DECj; ultrashaft's ghost, journeyman GrEE


Innate Abilities, Weirdness & Mutations

You can breathe blasts of scalding, opaque steam.
Your pale cyan-grey scales are hard. (AC +8)
You cannot fit into any form of body armour.
You are cold-blooded and may be slowed by cold attacks.
You have a pair of small antennae on your head.
You have sharp toenails.
You possess an exceptional clarity of mind.


Message History

Yoink!
You pull the item towards yourself.
Some of the chunks of flesh in your inventory have rotted away.
Casting: Apportation
Confirm with . or Enter, or press ? or * to list all spells.
Aiming: Apportation
Press: ? - help, Dir - move target cursor Apport: a leatherbound book Yoink!
You pull the item towards yourself.
You see here a Young Poisoner's Handbook.
Ultrashaft's ghost wails, "Very impressive.
But it won't help.
Nothing will."
u - a Young Poisoner's Handbook Ultrashaft's ghost conjures a glowing orb.
An orb of destruction comes into view.
Ultrashaft's ghost conjures a glowing orb.
An orb of destruction comes into view.
You see here a leather armour.
The orb of destruction hits you! The orb of destruction hits you!
Ouch! That really hurt!
You die...

.....# ##.......##P....####.....
..#P.## #..#.#....##......##.....
#.#...# #######P.........###.....
.##P.## #.............#.....
.##...# ##.#.........##......
####..# ###............##......
###...# #P.............##......
##....#####.....>_.............#.
###.....##....§.@.............###
# #.#.######.§§§............###
#####..###...§.............P#
#.###P.##...§§.............##
.###P...P...§P.............# ##
###.....................PP #
##....W.................. #
##...............P......P. #
#..................


You could see ultrashaft's ghost.

Vanquished Creatures
  Nessos (Lair:4)
  The ghost of MatthieuS the Cleaver, a journeyman DDFi of Makhleb (D:11)
  Josephine (Lair:5)
  Harold (D:10)
  2 hydras
  3 death yaks
  3 two-headed ogres
  The ghost of Caerwyn the Gouger, a journeyman FeTm of Ashenzari (D:11)
  2 ugly things (D:11)
  An oklob plant (Lair:4)
  3 elephants (Lair:5)
  2 black mambas
  Joseph (D:7)
  A torpor snail (Lair:2)
  4 spiny frogs
  2 komodo dragons
  2 rime drakes
  Prince Ribbit (D:7)
  A queen bee (D:8)
  2 trolls
  A hornet (D:10)
  18 blink frogs
  4 hippogriffs
  5 dream sheep (Lair:4)
  A tarantella (Lair:3)
  3 wraiths
  32 yaks
  2 basilisks
  A warg (Lair:1)
  8 water moccasins
  6 orc warriors
  9 porcupines
  A hornet zombie (D:11)
  2 sky beasts
  A necrophage (D:8)
  4 black bears
  4 ice beasts
  A phantom (D:9)
  7 ogres
  11 wolves (Lair:1)
  4 centaurs
  7 crocodiles
  Blork the orc (D:5)
  3 big kobolds
  13 bullfrogs
  6 scorpions
  15 killer bees
  9 wights
  4 howler monkeys
  7 crimson imps
  A bullfrog zombie (D:10)
  8 hounds
  A jelly (D:11)
  6 orc priests
  A quasit (D:11)
  4 bullfrog skeletons
  10 orc wizards
  3 iguanas
  Jessica (D:2)
  Natasha (thrice) (D:3)
  3 worker ants
  A killer bee zombie (D:7)
  2 hound zombies
  A hound skeleton (D:4)
  A howler monkey zombie (D:10)
  A howler monkey skeleton (D:5)
  8 adders
  2 shadow imps (D:7)
  An ooze (D:2)
  2 adder zombies (D:5)
  2 adder skeletons
  2 worms
  2 dart slugs
  2 leopard geckos
  39 orcs
  8 giant cockroaches
  7 goblins
  18 hobgoblins
  12 jackals
  20 kobolds
  3 quokkas
  3 ball pythons
  8 bats
  10 frilled lizards
  A jackal zombie (D:8)
  2 leopard gecko skeletons
  A quokka skeleton (D:4)
  6 rats
  A plant (Lair:4)
432 creatures vanquished.

Vanquished Creatures (others)
  A hornet zombie (D:10)
  A bullfrog (D:10)
  A kobold (D:10)
  5 fungi
  5 plants
13 creatures vanquished.

Grand Total: 445 creatures vanquished

Notes
Turn   | Place    | Note
-------+----------+-------------------------------------------
     0 | D:1      | MatthieuS the Draconian Fire Elementalist began the quest for the Orb.
     0 | D:1      | Reached XP level 1. HP: 14/14 MP: 3/3
   523 | D:1      | Reached XP level 2. HP: 22/22 MP: 5/5
   790 | D:1      | Learned a level 2 spell: Throw Flame
   796 | D:1      | Reached skill level 1 in Fighting
  1048 | D:1      | Reached XP level 3. HP: 28/28 MP: 6/6
  1947 | D:2      | Reached XP level 4. HP: 35/36 MP: 1/7
  2017 | D:2      | Noticed Jessica
  2021 | D:2      | Killed Jessica
  2021 | D:2      | Reached skill level 2 in Fighting
  2346 | D:2      | Learned a level 3 spell: Conjure Flame
  2368 | D:3      | Found a stormy altar of Qazlal.
  2368 | D:3      | Found a shattered altar of Ashenzari.
  2368 | D:3      | Found a white marble altar of Elyvilon.
  2368 | D:3      | Found an ornate altar of the Wu Jian Council.
  2388 | D:3      | Reached skill level 1 in Shields
  2388 | D:3      | Reached XP level 5. HP: 25/41 MP: 9/9
  2867 | D:3      | Noticed Natasha
  2875 | D:3      | Killed Natasha
  3156 | D:3      | Found a burning altar of Makhleb.
  3193 | D:3      | Noticed Natasha
  3202 | D:3      | Killed Natasha
  3278 | D:3      | Noticed Natasha
  3282 | D:3      | Killed Natasha
  3282 | D:3      | Reached XP level 6. HP: 41/50 MP: 7/10
  3662 | D:4      | Reached skill level 3 in Fighting
  4580 | D:4      | Found a shimmering altar of Xom.
  4581 | D:4      | Found a shimmering altar of Xom.
  4582 | D:4      | Found a shimmering altar of Xom.
  4584 | D:4      | You fall through a shaft for 2 floors!
  4660 | D:5      | Entered Level 5 of the Dungeon
  4680 | D:5      | Your scales start taking on a pale cyan-grey colour.
  4680 | D:5      | Reached skill level 5 in Fire Magic
  4680 | D:5      | Reached XP level 7. HP: 56/57 MP: 12/12
  5122 | D:5      | Noticed Blork the orc
  5136 | D:5      | Reached skill level 4 in Fighting
  5474 | D:5      | Learned a level 3 spell: Inner Flame
  5479 | D:5      | Learned a level 4 spell: Sticky Flame
  5489 | D:5      | Found a staircase to the Ecumenical Temple.
  5519 | Temple   | Entered the Ecumenical Temple
  5643 | D:5      | Killed Blork the orc
  5643 | D:5      | Reached XP level 8. HP: 67/67 MP: 0/14
  6391 | D:5      | Found a hide-covered altar of Uskayaw.
  6402 | D:5      | Found Nim Rerph's General Store.
  7050 | D:6      | Reached skill level 5 in Fighting
  7071 | D:6      | Found an opulent altar of Gozag.
  7345 | D:6      | Reached skill level 5 in Conjurations
  7717 | D:6      | Found a burning altar of Makhleb.
  7717 | D:6      | Noticed a balrug
  7721 | D:6      | Noticed an orange demon
  7721 | D:6      | Noticed a smoke demon
  7971 | D:7      | Noticed Prince Ribbit
  7994 | D:7      | Killed Prince Ribbit
  7994 | D:7      | Reached skill level 5 in Spellcasting
  8081 | D:7      | Reached XP level 9. HP: 41/75 MP: 12/16
  8225 | D:7      | Reached skill level 6 in Fighting
  8656 | D:7      | Noticed Joseph
  8721 | D:7      | Killed Joseph
  8888 | D:7      | Found an iron altar of Okawaru.
  8984 | D:7      | Reached skill level 7 in Fighting
  9314 | D:7      | Learned a level 5 spell: Fireball
  9683 | D:7      | Reached XP level 10. HP: 52/86 MP: 1/19
  9983 | D:8      | Noticed a two-headed ogre
  9992 | D:8      | Killed a two-headed ogre
 10012 | D:8      | Reached skill level 8 in Fighting
 10829 | D:8      | Found a deep blue altar of Sif Muna.
 10832 | D:8      | Became a worshipper of Sif Muna the Loreminder
 11206 | D:8      | Found Suichol's Assorted Antiques.
 11214 | D:8      | Bought a scroll labeled YNACROFIWI for 23 gold pieces
 11290 | D:9      | Found a bloodstained altar of Trog.
 11440 | D:9      | Gained mutation: You possess an exceptional clarity of mind. [potion of mutation]
 11440 | D:9      | Gained mutation: You have sharp toenails. [potion of mutation]
 11440 | D:9      | Gained mutation: You have a pair of small antennae on your head. [potion of mutation]
 11729 | D:9      | Found a staircase to the Orcish Mines.
 11952 | D:10     | Entered Level 10 of the Dungeon
 11956 | D:10     | Noticed a two-headed ogre
 12054 | D:10     | Killed a two-headed ogre
 12217 | D:10     | Reached * piety under Sif Muna
 12357 | D:10     | Noticed Harold
 13088 | Orc:1    | Entered Level 1 of the Orcish Mines
 13135 | Orc:1    | Reached skill level 9 in Fighting
 13143 | Orc:1    | Reached XP level 11. HP: 78/97 MP: 1/22
 13672 | D:10     | Killed Harold
 14022 | D:11     | Found Zoicly's Book Shop.
 14022 | D:11     | Noticed Caerwyn's ghost (journeyman FeTm)
 14041 | D:11     | Killed Caerwyn's ghost
 14053 | D:11     | Noticed MatthieuS's ghost (journeyman DDFi)
 14748 | D:11     | Found a staircase to the Lair.
 14801 | D:11     | Noticed a purple ugly thing
 14812 | D:11     | Killed a purple ugly thing
 15073 | D:11     | Noticed a two-headed ogre
 15083 | D:11     | Killed a two-headed ogre
 15090 | D:11     | Reached ** piety under Sif Muna
 15331 | D:11     | Killed MatthieuS's ghost
 15331 | D:11     | Reached skill level 5 in Dodging
 15638 | D:11     | Reached skill level 10 in Fighting
 15817 | D:11     | Noticed a brown ugly thing
 16236 | D:11     | Killed a brown ugly thing
 16372 | Lair:1   | Entered Level 1 of the Lair of Beasts
 16380 | Lair:1   | Noticed an eight-headed hydra
 16386 | Lair:1   | Killed an eight-headed hydra
 16549 | Lair:1   | Learned a level 2 spell: Swiftness
 16554 | Lair:1   | Learned a level 4 spell: Airstrike
 16706 | Lair:1   | Reached XP level 12. HP: 107/107 MP: 15/25
 16836 | Lair:1   | Reached skill level 1 in Air Magic
 17962 | Lair:2   | Found a snail-covered altar of Cheibriados.
 18730 | Lair:3   | Reached *** piety under Sif Muna
 19060 | Lair:3   | Noticed a death yak
 19064 | Lair:3   | Noticed a death yak
 19064 | Lair:3   | Got a crystal flail
 19069 | Lair:3   | Reached skill level 5 in Air Magic
 19070 | Lair:3   | Noticed a death yak
 19131 | Lair:2   | Killed a death yak
 19131 | Lair:2   | Reached skill level 11 in Fighting
 19285 | Lair:2   | Killed a death yak
 19462 | Lair:3   | Killed a death yak
 19462 | Lair:3   | Reached skill level 1 in Invocations
 20245 | Lair:3   | Reached skill level 10 in Fire Magic
 20282 | Lair:3   | Learned a level 5 spell: Lightning Bolt
 20300 | Lair:3   | Found a staircase to the Swamp.
 20386 | Lair:3   | Reached skill level 10 in Spellcasting
 20629 | Lair:3   | Found a hole to the Spider Nest.
 20845 | Lair:4   | Noticed Nessos
 20853 | Lair:4   | Reached **** piety under Sif Muna
 20854 | Lair:4   | Killed Nessos
 20874 | Lair:3   | Reached XP level 13. HP: 41/116 MP: 0/27
 21487 | Lair:4   | Learned a level 1 spell: Apportation
 21736 | Lair:4   | Identified the +6 flail "Draconian's Death" {drain, +Inv +Fly MR+} (You found it on level 3 of the Lair of Beasts)
 22218 | Lair:4   | Identified Urghed's Collected Works on Talismans and Transformation
 22423 | Lair:5   | Noticed Josephine
 22762 | Lair:5   | Reached skill level 12 in Fighting
 22889 | Lair:5   | Noticed Spazmo's ghost (journeyman DECj)
 22943 | Lair:4   | Reached skill level 5 in Invocations
 23330 | Lair:5   | Found a staircase to the Slime Pits.
 23330 | Lair:5   | Found a viscous altar of Jiyva.
 23491 | Lair:5   | Killed Josephine
 23713 | Lair:5   | Noticed ultrashaft's ghost (journeyman GrEE)
 23736 | Lair:5   | Blown up by ultrashaft's ghost

Vault maps used:
D:1:      eino_arrival_cavern_e, hangedman_decor_points, corexii_corridor_pit,
          st_stairs_11, minmay_liquid_box
D:2:      uniq_jessica
D:3:      overflow_temple_1_default, chequers_temple_overflow_statue_of_worship,
          minmay_goblin_outpost, uniq_natasha
D:4:      first_bread, minmay_misc_feat_square, xom_redecorated
D:5:      eat_drink_and_be_merry_uskayaw, temple_pool_b, serial_shops,
          nicolae_shop_competitors_out_of_business, sword_in_stone
D:6:      nicolae_gozag_seed_capital, cheibrodos_sewer_entry_sluice,
          makhleb_altar_promises_db
D:7:      okawaru_trees_2, uniq_joseph, uniq_prince_ribbit1
D:8:      kennysheep_mini_moat, serial_shops, kennysheep_little_box,
          david_nohive_1
D:9:      orc_0_dummy, trog_three_pillars_becter
D:10:     lemuel_flame_loot_1, uniq_harold
D:11:     dpeg_oklobed_lair, serial_shops, shop
Temple:   cyrus_circular_temple
Lair:1:   beast_lair_carwin_large_4, minivault_11, grunt_megastairs_3
Lair:2:   kennysheep_snail_temple
Lair:3:   swamp_mist, spider_nest_entry_rubble, minivault_23, minivault_25
Lair:4:   minmay_lair_oklob_items, grunt_megastairs_1, serial_bayou_shore_a,
          uniq_nessos
Lair:5:   slime_altar_1, infiniplex_staircase_pool, lemuel_fruit_fields,
          uniq_josephine
Orc:1:    portal_ice_cave_entry_imps

Skill      XL: |  1  2  3  4  5  6  7  8  9 10 11 12 13 |
---------------+----------------------------------------+-----
Fighting       | 1 2 3 4 5 7 9 10 11 12 | 12.4
Conjurations   | 2 3 4 5 6 8 |  8.6
Shields        | 1 2 3 4 |  4.3
Spellcasting   | 3 4 5 6 7 9 10 | 10.4
Fire Magic     | 4 5 6 8 9 10 | 10.6
Dodging        | 6 7 |  7.2
Air Magic      | 6 |  6.8
Invocations    | 3 5 |  5.5
Stealth        | |  1.7

Action                   |  1- 3 |  4- 6 |  7- 9 | 10-12 | 13-15 || total
-------------------------+-------+-------+-------+-------+-------++-------
Melee: Unarmed           |    32 |       |       |       |       ||    32
       Tailslap          |     1 |     2 |    16 |     5 |     8 ||    32
       Club              |       |    32 |   112 |       |       ||   144
       Trident           |       |       |       |    41 |       ||    41
       Dagger            |       |       |       |    24 |     6 ||    30
       Flail             |       |       |       |       |    26 ||    26
 Fire: Hunting sling     |    79 |   127 |   131 |    21 |       ||   358
Throw: Throwing net      |       |       |       |     2 |       ||     2
       Stone             |       |       |       |     1 |       ||     1
 Cast: Flame Tongue      |    37 |    27 |   185 |   385 |   101 ||   735
       Throw Flame       |       |    15 |    80 |   230 |    67 ||   392
       Conjure Flame     |       |     1 |    10 |    47 |    13 ||    71
       Inner Flame       |       |       |     7 |    15 |     5 ||    27
       Sticky Flame      |       |       |     2 |     8 |     6 ||    16
       Fireball          |       |       |       |    35 |     9 ||    44
       Swiftness         |       |       |       |     2 |     1 ||     3
       Airstrike         |       |       |       |     4 |     6 ||    10
       Lightning Bolt    |       |       |       |     1 |     2 ||     3
       Apportation       |       |       |       |       |     3 ||     3
Invok: Divine Energy     |       |       |       |     1 |       ||     1
       Stop Divine Energ |       |       |       |     1 |       ||     1
       Channel Magic     |       |       |       |       |     2 ||     2
 Abil: Evoke Flight      |       |     1 |     1 |       |       ||     2
       Breathe Steam     |       |       |     7 |     9 |     2 ||    18
Evoke: Wand              |       |       |     1 |     5 |     1 ||     7
  Use: Scroll            |     4 |     1 |     8 |    11 |     4 ||    28
       Potion            |       |     1 |    16 |     7 |       ||    24
 Stab: Invisible         |       |       |     5 |       |       ||     5
  Eat: Chunk             |     1 |     7 |    13 |    25 |     6 ||    52
       Bread ration      |     1 |       |     1 |     2 |     2 ||     6
       Fruit             |       |       |     2 |     2 |       ||     4
       Royal jelly       |       |       |       |     2 |       ||     2
       Meat ration       |       |       |       |     1 |       ||     1
Armor: Skin              |    46 |    16 |    72 |    65 |    26 ||   225
Dodge: Dodged            |    84 |    39 |   130 |   134 |    53 ||   440
Block: Buckler           |       |    23 |    84 |    76 |    38 ||   221
